AoeStats
← Jazzmushroom

Runestones

507210168Analyzed
1v1 RM · 15d ago on Sep 17, 2026· 51m 36s· 2 players
Game mode
Random Map
Map size
Tiny (2 player)
Population
200
Speed
Normal
Resources
Standard
Victory
Conquest
Starting age
Dark Age
Ending age
Imperial Age
RankedLock teamsTeams togetherTeam positionsShared explorationLock speedFull tech treeHidden civsTurbo modeCheats
Victory
Defeat
🇲🇽 Magyars · Mexico
1511
+13
🇺🇸 Ethiopians · United States
1441
-13
TheAlex
6:03 Loom
8:34 Feudal Age
10:54 Town Watch
13:13 Double-Bit Axe
18:49 Fletching
19:32 Padded Archer Armor
25:21 Castle Age
24:40 Bloodlines
24:12 Horse Collar
25:25 Gold Mining
26:20 Bodkin Arrow
26:35 Husbandry
26:53 Leather Archer Armor
27:44 Crossbowman
31:25 Gold Shaft Mining
34:01 Ballistics
36:23 Wheelbarrow
45:29 Imperial Age
43:14 Bow Saw
43:24 Stone Mining
43:20 Light Cavalry
44:06 Scale Barding Armor
45:28 Chain Barding Armor
45:31 Heavy Cavalry Archer
46:38 Parthian Tactics
46:24 Bracer
46:45 Hussar
48:59 Plate Barding Armor
49:12 Ring Archer Armor
51:42 Scale Mail Armor
52:58 Chemistry
Jazzmushroom
7:27 Loom
9:22 Feudal Age
10:23 Double-Bit Axe
14:24 Fletching
18:09 Padded Archer Armor
22:04 Castle Age
20:16 Gold Mining
22:11 Crossbowman
23:23 Bodkin Arrow
27:41 Ballistics
28:26 Bow Saw
29:08 Thumb Ring
29:24 Leather Archer Armor
30:07 Stone Mining
30:57 Gold Shaft Mining
37:43 Wheelbarrow
36:53 Town Watch
43:10 Horse Collar
45:20 Elite Skirmisher
47:34 Hand Cart
54:00 Imperial Age
Connection lost

Rejoining the realm…

Still unreachable

The connection could not be restored.

Session expired

The server has moved on; the page needs a fresh start.